 Dungeon Crawl Stone Soup version 0.23-a0-667-gc184e93 (webtiles) character file.

421293 Ijustatesigmund the Severer (level 22, -2/205 HPs)
             Began as a Minotaur Fighter on Jan 4, 2019.
             Was the Champion of Cheibriados.
             Killed by divine providence
             ... invoked by a deep elf high priest
              (13 damage)
             ... on level 5 of the Vaults on Jan 8, 2019.
             The game lasted 02:27:45 (39084 turns).

Ijustatesigmund the Severer (Minotaur Fighter)     Turns: 39084, Time: 02:27:46

Health: -2/205     AC: 27    Str: 42      XL:     22   Next: 65%
Magic:  28/33      EV: 29    Int: 31      God:    Cheibriados [******]
Gold:   2050       SH: 20    Dex: 33 (34) Spells: 9/21 levels left

rFire    + + +     SeeInvis +   O - +1 broad axe of Change {vamp, +Blink rC+ Str+4 Stlth+}
rCold    . . .     Gourm    .   c - +3 buckler of Zotozu {rElec MR+ Int+2}
rNeg     . . .     Faith    .   x - +3 fire dragon scales
rPois    +         Spirit   .   Y - +2 hat {SInv}
rElec    +         Reflect  +   K - +1 cloak
rCorr    +         Harm     .   N - +2 pair of gloves of Tenacity {rCorr}
MR       +....                  d - +1 pair of boots
Stlth    ++........             h - +4 amulet of reflection
HPRegen  0.44/turn              L - +5 ring of dexterity
MPRegen  0.23/turn              t - ring of Hesch {rCorr rF+ Int+5 Slay-2}

@: vulnerable, flayed, singing, very slow
A: retaliatory headbutt, horns 2, repulsion field 1, large bone plates 1,
deterioration 1, poison resistance
}: 2/15 runes: decaying, serpentine
a: Bend Time, Temporal Distortion, Slouch, Step From Time, Renounce Religion,
Evoke Blink


You were on level 5 of the Vaults.
You worshipped Cheibriados.
Cheibriados was exalted by your worship.
You were not hungry.

You visited 8 branches of the dungeon, and saw 39 of its levels.
You also visited: Ice Cave, Volcano and Wizlab.

You collected 4706 gold pieces.
You spent 2656 gold pieces at shops.

Inventory:

Hand Weapons
 e - a +9 broad axe of chopping
 D - a +7 broad axe
 O - the +1 broad axe of Change (weapon) {vamp, +Blink rC+ Str+4 Stlth+}
   (You acquired it on level 13 of the Dungeon)

   It inflicts no extra harm, but heals its wielder when it wounds a living foe.
   It affects your strength (+4).
   It protects you from cold.
   It lets you blink.
   It makes you more stealthy.
 W - the +1 broad axe of Eternal Vigilance {flame, +Rage rElec rPois Dex-4}
   (You found it on level 2 of the Vaults)

   It has been specially enchanted to burn those struck by it, causing extra
   injury to most foes and up to half again as much damage against particularly
   susceptible opponents.
   Big, fiery blades are also staple armaments of hydra-hunters.
   It affects your dexterity (-4).
   It insulates you from electricity.
   It protects you from poison.
   It lets you go berserk.
Armour
 c - the +3 buckler of Zotozu (worn) {rElec MR+ Int+2}
   (You acquired it on level 3 of the Lair of Beasts)

   It affects your intelligence (+2).
   It insulates you from electricity.
   It affects your resistance to hostile enchantments.
 d - a +1 pair of boots (worn)
 k - the +15 Maxwell's patent armour {-Cast -Tele rElec MR+ rCorr}
   (You found it on level 3 of the Elven Halls)

   It insulates you from electricity.
   It affects your resistance to hostile enchantments.
   It prevents spellcasting.
   It prevents most forms of teleportation.
   It provides partial protection from all sources of acid and corrosion.
 x - +3 fire dragon scales (worn)
 K - a +1 cloak (worn)
 N - the +2 pair of gloves of Tenacity (worn) {rCorr}
   (You acquired it on level 1 of the Elven Halls)

   It provides partial protection from all sources of acid and corrosion.
 R - the +1 chain mail of Lugonu's Pride {rN+ Regen+}
   (You found it on level 14 of the Dungeon)

   It protects you from negative energy.
   It increases your rate of regeneration.
 Y - a +2 hat of see invisible (worn)
Jewellery
 h - a +4 amulet of reflection (around neck)
 q - an uncursed ring of protection from fire
 t - the ring of Hesch (right hand) {rCorr rF+ Int+5 Slay-2}
   (You found it on level 1 of the Swamp)

   [ring of resist corrosion]

   It affects your intelligence (+5).
   It affects your accuracy and damage with ranged weapons and melee attacks
   (-2).
   It protects you from fire.
 G - an uncursed ring of wizardry
 L - a +5 ring of dexterity (left hand)
 Q - the ring of Truth {rC+ MP+9 Dex-5 Slay+3}
   (You took it off a deep elf annihilator on level 3 of the Elven Halls)

   [ring of magical power]

   It affects your dexterity (-5).
   It affects your accuracy and damage with ranged weapons and melee attacks
   (+3).
   It protects you from cold.
   It affects your magic capacity (+9).
 Z - an uncursed ring of resist corrosion
Wands
 b - a wand of clouds (4)
 p - a wand of digging (9)
 s - a wand of acid (16)
 y - a wand of iceblast (46)
 A - a wand of scattershot (8)
Scrolls
 i - 21 scrolls of remove curse
 j - 2 scrolls of holy word
 l - 9 scrolls of fog
 m - 2 scrolls of magic mapping
 u - 4 scrolls of fear
 C - 3 scrolls of blinking
 E - 11 scrolls of identify
 F - 7 scrolls of teleportation
 J - 3 scrolls of amnesia
 M - 4 scrolls of summoning
 P - 4 scrolls of silence
 S - 4 scrolls of immolation
Potions
 g - 14 potions of curing
 n - 7 potions of flight
 o - 15 potions of lignification
 r - 6 potions of brilliance
 v - 6 potions of heal wounds
 w - 3 potions of ambrosia
 z - 4 potions of agility
 B - 4 potions of resistance
 H - 3 potions of magic
 I - 11 potions of mutation
 U - 2 potions of might
 V - 3 potions of invisibility
 X - 6 potions of cancellation
Miscellaneous
 a - 2 phantom mirrors
Comestibles
 f - 53 rations


   Skills:
 + Level 19.1 Fighting
 + Level 20.3 Axes
   Level 9.0 Slings
   Level 7.4 Crossbows
 + Level 15.3 Armour
 - Level 14.1 Dodging
 - Level 9.0 Shields
 - Level 8.3 Charms
 - Level 7.7 Summonings
 - Level 6.1 Necromancy
 - Level 5.7 Translocations
 + Level 17.4 Invocations
 - Level 9.0 Evocations


You had 9 spell levels left.
You knew the following spells:

 Your Spells              Type           Power        Failure   Level  Hunger
a - Apportation           Tloc           #####.       1%          1    ##.....
b - Blink                 Tloc           N/A          1%          2    ###....
c - Song of Slaying       Chrm           ######..     1%          2    ###....
d - Lesser Beckoning      Tloc           #####.....   4%          3    ####...
e - Summon Butterflies    Summ           #####...     1%          1    ##.....
f - Regeneration          Chrm/Necr      #####.....   2%          3    ####...

Your spell library contained the following spells:

 Spells                   Type           Power        Failure   Level  Hunger
 Animate Skeleton         Necr           N/A          1%          1    ##.....
 Infusion                 Chrm           ####         1%          1    ##.....
 Pain                     Necr           ####         1%          1    ##.....
 Summon Small Mammal      Summ           ####         1%          1    ##.....
 Call Imp                 Summ           #####...     1%          2    ###....
 Shroud of Golubria       Chrm/Tloc      #####.....   1%          2    ###....
 Call Canine Familiar     Summ           #####...     1%          3    ####...
 Vampiric Draining        Necr           #####.....   3%          3    ####...
 Swiftness                Chrm/Air       ####....     4%          2    ###....
 Ozocubu's Armour         Chrm/Ice       ####....     8%          3    ####...
 Spectral Weapon          Hex/Chrm       ####....     8%          3    ####...
 Summon Guardian Golem    Hex/Summ       ###.....     9%          3    ####...
 Animate Dead             Necr           N/A          12%         4    #####..
 Beastly Appendage        Tmut           #.....       14%         1    ##.....
 Confusing Touch          Hex            #.....       14%         1    ##.....
 Corona                   Hex            #......      14%         1    ##.....
 Flame Tongue             Conj/Fire      #....        14%         1    ##.....
 Freeze                   Ice            #...         14%         1    ##.....
 Magic Dart               Conj           #...         14%         1    ##.....
 Sandblast                Erth           #.....       14%         1    ##.....
 Shock                    Conj/Air       #...         14%         1    ##.....
 Sting                    Conj/Pois      #...         14%         1    ##.....
 Passage of Golubria      Tloc           N/A          14%         4    #####..
 Ensorcelled Hibernation  Hex/Ice        #.....       22%         2    ###....
 Passwall                 Tmut/Erth      #.......     22%         2    ###....
 Poisonous Vapours        Pois/Air       #.....       22%         2    ###....
 Slow                     Hex            #.......     22%         2    ###....
 Sticks to Snakes         Tmut           #.......     22%         2    ###....
 Throw Flame              Conj/Fire      #.....       22%         2    ###....
 Throw Frost              Conj/Ice       #.....       22%         2    ###....
 Summon Ice Beast         Ice/Summ       ###.....     28%         4    #####..
 Summon Lightning Spire   Summ/Air       ###.....     28%         4    #####..
 Confuse                  Hex            #.......     38%         3    ####...
 Conjure Flame            Conj/Fire      #.......     38%         3    ####...
 Dazzling Spray           Conj/Hex       #.....       38%         3    ####...
 Ignite Poison            Fire/Tmut/Pois #.......     38%         3    ####...
 Inner Flame              Hex/Fire       #.......     38%         3    ####...
 Mephitic Cloud           Conj/Pois/Air  #.......     38%         3    ####...
 Spider Form              Tmut/Pois      #.........   38%         3    ####...
 Static Discharge         Conj/Air       #.......     38%         3    ####...
 Stone Arrow              Conj/Erth      #.....       38%         3    ####...
 Tukima's Dance           Hex            #.......     38%         3    ####...
 Iskenderun's Battlesphe  Conj/Chrm      ####....     58%         5    ######.
 Shadow Creatures         Summ           N/A          67%         6    #######
 Airstrike                Air            #.........   80%         4    #####..
 Fulminant Prism          Conj/Hex       #.........   80%         4    #####..
 Ice Form                 Ice/Tmut       #.......     80%         4    #####..
 Leda's Liquefaction      Hex/Erth       #.........   80%         4    #####..
 Petrify                  Tmut/Erth      #.......     80%         4    #####..
 Sticky Flame             Conj/Fire      #.......     80%         4    #####..
 Throw Icicle             Conj/Ice       #.......     80%         4    #####..
 Alistair's Intoxication  Tmut/Pois      #.......     98%         5    ######.
 Blade Hands              Tmut           #.........   98%         5    ######.
 Bolt of Magma            Conj/Fire/Erth #.........   98%         5    ######.
 Fireball                 Conj/Fire      #.........   98%         5    ######.
 Lee's Rapid Deconstruct  Erth           #.........   98%         5    ######.
 Lightning Bolt           Conj/Air       #.........   98%         5    ######.
 Silence                  Hex/Air        #.........   98%         5    ######.
 Venom Bolt               Conj/Pois      #.........   98%         5    ######.
 Deflect Missiles         Chrm/Air       ####......   99%         6    #######
 Bolt of Cold             Conj/Ice       #.........   100%        6    #######
 Conjure Ball Lightning   Conj/Air       #.........   100%        6    #######
 Darkness                 Hex            #.........   100%        6    #######
 Freezing Cloud           Conj/Ice/Air   #.........   100%        6    #######
 Invisibility             Hex            #.......     100%        6    #######
 Iron Shot                Conj/Erth      #.........   100%        6    #######
 Statue Form              Tmut/Erth      #........    100%        6    #######
 Haunt                    Necr/Summ      #####.....   100%        7    #######
 Orb of Destruction       Conj           #.........   100%        7    #######
 Ring of Flames           Chrm/Fire      ####......   100%        7    #######
 Spellforged Servitor     Conj/Summ      ###.......   100%        7    #######
 Borgnjor's Revivificati  Necr           #####.....   100%        8    #######
 Death's Door             Chrm/Necr      #####.....   100%        8    #######
 Infestation              Necr           #####.....   100%        8    #######
 Necromutation            Tmut/Necr      ###.......   100%        8    #######
 Shatter                  Erth           #.........   100%        9    #######


Dungeon Overview and Level Annotations

Branches:
Dungeon (14/15)            Temple (1/1) D:6            Lair (6/6) D:10
  Swamp (4/4) Lair:3        Snake (4/4) Lair:2        Slime (0/5) Lair:6
    Orc (2/2) D:11            Elf (3/3) Orc:2        Vaults (5/5) D:14
  Crypt (0/3) Vaults:3

Altars:
Ashenzari
Cheibriados
Dithmenos
Elyvilon
Fedhas
Gozag
Hepliaklqana
Kikubaaqudgha
Makhleb
Nemelex Xobeh
Okawaru
Qazlal
Ru
Sif Muna
Trog
Uskayaw
Vehumet
Wu Jian
Xom
Yredelemnul
Zin
The Shining One
Jiyva

Shops:
D:12 (   Orc:2 %(=(   Elf:1 ?   Elf:2 }   Snake:1 =   Snake:2 :[:=

Portals:
Trove: D:10 (give +4 fire dragon scales)


Innate Abilities, Weirdness & Mutations

You reflexively headbutt those who attack you in melee.
You have a pair of horns on your head.
You are surrounded by a mild repulsion field. (EV +2)
You are partially covered in large bone plates. (SH +4)
Your body sometimes deteriorates upon taking damage.
Your system is resistant to poisons. (rPois)


Message History

You block the tentacled monstrosity's attack. x2
The tentacled monstrosity tentacle-slaps you but does no damage.
The tentacled monstrosity completely misses you.
The deep elf high priest mumbles some strange prayers.
You block the deep elf high priest's attack.
The flayed ghost stares at you with tortured malice.
You barely miss the flayed ghost. Your headbutt misses the flayed ghost.
The flayed ghost is heavily damaged.
You completely miss the deep elf high priest.
You slice the tentacled monstrosity!!
The yaktaur shoots a bolt.
The bolt hits you!
* * * LOW HITPOINT WARNING * * *
You block the tentacled monstrosity's attack. x2
The tentacled monstrosity tentacle-slaps you but does no damage.
You block the tentacled monstrosity's attack.
You can feel time thicken for a moment.
You feel somewhat more hungry.
The flayed ghost stares at you with tortured malice.
The deep elf high priest calls down the wrath of its god upon you.
Something smites you!
You die...

.##.#.#....#..####....##.##.
.....#....#...##......###
#.#[#.#....#.......##.......
p....[...(..c....####.....#
#####..).[[[.###### ######
......[)<<[[........
p.....)<[[<[........
.....[[[<<[[........
%....).=[/X@W.......
#####.[).)(e.#######
#...[....()......
#.[[[#....#..(...
#.(..#....#..####
#....#....#.....###
####%#....#...(...#
#....#..####..# #....#. .#


You could see a tentacled monstrosity, a flayed ghost, a deep elf high priest
and a yaktaur.

Vanquished Creatures
  The ghost of Woonno the Phalangite, a legendary MfIE of Makhleb (Vaults:2)
  the Lernaean hydra (Swamp:4)
  Vashnia (Snake:2)
  A Cloud Mage (WizLab)
  6 tentacled monstrosities
  Rupert (Lair:3)
  The ghost of Irihug the Fencer, an adept FoMo of Xom (Swamp:2)
  Asterion (Snake:2)
  3 deep elf blademasters
  A titan (Vaults:5)
  2 deep elf master archers (Elf:3)
  A lich (Vaults:3)
  Gastronok (Lair:3)
  4 sphinxes
  Kirke (Lair:5)
  7 thorn hunters
  2 shadow dragons
  2 storm dragons (Vaults:4)
  Roxanne (Snake:2)
  3 fire giants
  6 nagarajas
  2 tengu reavers
  The ghost of Lilu the Nimble, an adept GnFi of the Shining One (Swamp:1)
  8 deep elf sorcerers
  2 frost giants
  17 vault wardens
  An iron dragon (Vaults:5)
  2 cacodemons (Vaults:2)
  Louise (Snake:3)
  4 deep elf elementalists (Elf:3)
  8 ironheart preservers
  5 stone giants
  2 war gargoyles
  An entropy weaver (Vaults:4)
  13 very ugly things
  10 deep elf annihilators
  Nessos (Orc:2)
  4 deep elf demonologists (Elf:3)
  Azrael (Elf:1)
  2 spark wasps
  Snorg (Orc:2)
  2 ettins (Vaults:2)
  A blizzard demon (WizLab)
  2 fire dragons
  2 great orbs of eyes
  9 ogre magi
  A crystal guardian (Vaults:4)
  3 deep elf high priests (Elf:3)
  7 deep elf death magi
  13 yaktaur captains
  An ice dragon (shapeshifter) (Vaults:5)
  16 hydras
  Josephine (D:10)
  3 ice dragons
  2 rakshasas (Vaults:2)
  Erolcha (D:13)
  19 naga warriors
  28 vault guards
  2 spriggan air magi (WizLab)
  A shambling mangrove (Swamp:3)
  2 centaur warriors
  5 ghost crabs
  10 anacondas
  16 alligators
  26 two-headed ogres
  4 deep troll shamans
  26 dancing weapons
  4 death knights
  A queen ant (Lair:2)
  14 naga sharpshooters
  2 deep troll earth magi
  10 shock serpents
  2 orc high priests (Orc:1)
  19 deep elf knights
  2 small abominations (Elf:3)
  A salamander mystic (Snake:2)
  3 death drakes (WizLab)
  7 hell knights
  2 shadow wraiths
  A skeletal warrior (Vaults:2)
  12 sea snakes
  A spriggan druid (Swamp:3)
  9 wizards
  A sea snake (shapeshifter) (Vaults:2)
  A naga ritualist (Snake:4)
  A flayed ghost (Vaults:4)
  4 glowing orange brains
  10 swamp dragons
  The ghost of Lanoc the Covert, a novice OpEn of Jiyva (D:7)
  An unseen horror (Vaults:1)
  2 phantasmal warriors (Vaults:5)
  9 deep elf archers
  A necromancer (IceCv)
  9 deep trolls
  9 ironbrand convokers
  3 harpies (Vaults:4)
  50 deep elf magi
  A wolf spider (Vaults:2)
  6 orc sorcerers
  14 orc knights
  2 oklob plants (Swamp:3)
  11 mana vipers
  9 cyclopes
  A wolf spider (shapeshifter) (Vaults:5)
  3 salamanders
  2 fauns (shapeshifter)
  A manticore (D:11)
  18 ugly things
  8 guardian serpents
  Maurice (D:8)
  A black mamba (shapeshifter) (Vaults:3)
  29 black mambas
  15 vault sentinels
  An eye of devastation (shapeshifter) (Elf:2)
  17 naga magi
  4 ice statues (IceCv)
  2 gargoyles
  2 apocalypse crabs (WizLab)
  Psyche (D:10)
  An efreet (Volcano)
  16 spiny frogs
  7 ice devils (IceCv)
  4 rime drakes
  4 komodo dragons
  42 yaktaurs
  A komodo dragon (shapeshifter) (D:14)
  7 freezing wraiths
  A queen bee (shapeshifter) (Vaults:2)
  2 tengu conjurers (D:13)
  4 trolls
  A jumping spider (shapeshifter) (Vaults:2)
  10 tyrant leeches
  2 wind drakes (WizLab)
  A wind drake (shapeshifter) (Vaults:4)
  Grinder (D:3)
  4 polar bears (Lair:6)
  12 slime creatures
  10 bog bodies
  17 hornets
  11 blink frogs
  7 hippogriffs
  3 water elementals
  15 air elementals
  2 shadows
  15 spriggans
  A tarantella (shapeshifter) (Vaults:1)
  4 redbacks
  Sigmund (D:4)
  4 wraiths (D:10)
  A hog (shapeshifter) (Vaults:3)
  6 hogs (Lair:5)
  3 basilisks
  Eustachio (D:4)
  A human (shapeshifter) (Vaults:2)
  3 wyverns
  16 yaks
  2 humans (D:14)
  A yaktaur simulacrum (Vaults:3)
  8 fire elementals
  A golden eye (shapeshifter) (Vaults:1)
  2 hungry ghosts
  A steam dragon (shapeshifter) (Vaults:2)
  9 vampire mosquitoes
  Menkaure (D:7)
  14 insubstantial wisps
  5 wargs
  54 nagas
  3 acid dragons
  13 swamp worms
  2 two-headed ogre zombies (D:11)
  5 soldier ants (Lair:2)
  An acid dragon (shapeshifter) (Vaults:5)
  A hell hound (Elf:1)
  10 porcupines
  14 swamp drakes
  24 water moccasins
  9 ice beasts
  32 orc warriors
  3 sky beasts
  8 black bears
  A necrophage (D:13)
  A black bear (shapeshifter) (Vaults:2)
  A centaur (D:9)
  2 eyes of draining (shapeshifter)
  20 ogres
  4 phantoms
  5 boggarts (Lair:6)
  An ettin simulacrum (Vaults:2)
  2 eyes of draining (D:12)
  20 wolves
  11 crocodiles
  3 big kobolds
  A wyvern zombie (D:12)
  12 bullfrogs
  2 gnoll sergeants
  6 earth elementals
  A troll zombie (D:11)
  A scorpion (shapeshifter) (Vaults:2)
  A water moccasin zombie (D:11)
  4 scorpions
  A killer bee (shapeshifter) (Vaults:2)
  12 wights
  9 killer bees
  7 electric eels
  5 howler monkeys
  9 crimson imps
  A centaur zombie (D:11)
  2 draconian simulacra (IceCv)
  A jelly (shapeshifter) (Vaults:2)
  2 quasits
  6 jellies
  24 orc priests
  35 orc wizards
  2 centaur skeletons
  8 hounds
  3 bullfrog skeletons
  Jessica (D:2)
  Ijyb (D:4)
  5 iguanas
  22 worker ants
  2 troll simulacra (IceCv)
  2 spriggan simulacra (IceCv)
  A centaur simulacrum (IceCv)
  5 ogre zombies (D:11)
  2 hound skeletons
  A spectral worker ant (D:7)
  A howler monkey zombie (D:11)
  A worker ant zombie (D:4)
  23 gnolls
  An adder (shapeshifter) (Vaults:2)
  15 adders
  An ogre simulacrum (IceCv)
  2 naga simulacra (IceCv)
  4 shadow imps
  An ooze (D:1)
  4 adder skeletons
  A worm (shapeshifter) (Vaults:2)
  A worm (D:2)
  A dart slug (D:1)
  8 leopard geckos
  64 orcs
  A ball python (shapeshifter) (Vaults:2)
  8 ball pythons
  8 giant cockroaches
  3 goblins (D:1)
  10 hobgoblins
  9 jackals
  6 quokkas
  6 bats
  2 frilled lizards
  A goblin skeleton (D:11)
  4 goblin zombies (D:11)
  2 hobgoblin skeletons (D:11)
  A hobgoblin zombie (D:11)
  21 kobolds
  A leopard gecko skeleton (D:8)
  6 orc skeletons (D:11)
  11 orc zombies (D:11)
  A quokka skeleton (D:6)
  5 rats
  16 briar patches
  A crawling corpse (Elf:3)
  3 fungi
  7 plants
1670 creatures vanquished.

Vanquished Creatures (others)
  A tentacled monstrosity (Vaults:5)
  A stone giant (Vaults:5)
  A deep elf demonologist (Elf:3)
  A hydra (Swamp:4)
  3 yaktaur captains
  A ghost crab (WizLab)
  A two-headed ogre (Vaults:5)
  4 naga sharpshooters
  2 shock serpents (WizLab)
  5 deep elf archers
  3 deep elf magi
  3 cyclopes
  A black mamba (Snake:1)
  11 yaktaurs
  2 orc warriors
  An ogre (Vaults:5)
  A centaur (D:8)
  2 orcs
  A kobold (D:8)
  3 briar patches
  15 fungi
  7 plants
70 creatures vanquished.

Grand Total: 1740 creatures vanquished

Notes
Turn   | Place    | Note
-------+----------+-------------------------------------------
     0 | D:1      | Ijustatesigmund the Minotaur Fighter began the quest for
                  | the Orb.
     0 | D:1      | Reached XP level 1. HP: 19/19 MP: 0/0
   117 | D:1      | Reached skill level 3 in Axes
   261 | D:1      | Reached XP level 2. HP: 26/26 MP: 1/1
   267 | D:1      | Reached skill level 1 in Dodging
   931 | D:2      | Reached XP level 3. HP: 31/31 MP: 2/2
   989 | D:2      | Reached skill level 4 in Axes
   998 | D:2      | Noticed Jessica
  1001 | D:2      | Killed Jessica
  1007 | D:2      | Reached XP level 4. HP: 37/39 MP: 3/3
  1288 | D:2      | Found a blossoming altar of Fedhas.
  1500 | D:2      | Reached skill level 5 in Axes
  1857 | D:3      | Reached XP level 5. HP: 43/45 MP: 4/4
  1868 | D:3      | Noticed Grinder
  1883 | D:3      | Killed Grinder
  1883 | D:3      | Reached skill level 6 in Axes
  1883 | D:3      | Reached XP level 6. HP: 34/51 MP: 5/5
  2019 | D:3      | Reached skill level 7 in Axes
  2683 | D:4      | Noticed Ijyb
  2692 | D:4      | Killed Ijyb
  2692 | D:4      | Reached XP level 7. HP: 57/57 MP: 6/6
  2784 | D:4      | Noticed Sigmund
  2784 | D:4      | Noticed Eustachio
  2800 | D:4      | Killed Eustachio
  3081 | D:4      | Killed Sigmund
  3081 | D:4      | Reached skill level 8 in Axes
  3081 | D:4      | Reached skill level 5 in Armour
  3081 | D:4      | Reached skill level 5 in Shields
  3296 | D:5      | Entered Level 5 of the Dungeon
  3355 | D:5      | Reached XP level 8. HP: 54/64 MP: 7/7
  4248 | D:6      | Found a staircase to the Ecumenical Temple.
  4323 | Temple   | Entered the Ecumenical Temple
  4424 | D:6      | Reached skill level 9 in Axes
  4861 | D:6      | Reached XP level 9. HP: 70/71 MP: 8/8
  5169 | D:7      | Found a shimmering altar of Xom.
  5274 | D:7      | Noticed Menkaure
  5285 | D:7      | Killed Menkaure
  5285 | D:7      | Reached skill level 10 in Axes
  5706 | D:7      | Found a runed gate.
  5707 | D:7      | Found a runed gate.
  5707 | D:7      | Found a runed gate.
  5709 | D:7      | Noticed Lanoc's ghost (novice OpEn)
  5725 | D:7      | Killed Lanoc's ghost
  5725 | D:7      | Reached skill level 5 in Fighting
  6859 | D:8      | Noticed Maurice
  6877 | D:8      | Killed Maurice
  6877 | D:8      | Reached skill level 11 in Axes
  6877 | D:8      | Reached XP level 10. HP: 64/84 MP: 9/9
  6893 | D:8      | Found a glowing golden altar of the Shining One.
  6893 | D:8      | Found a snail-covered altar of Cheibriados.
  6893 | D:8      | Found a shadowy altar of Dithmenos.
  6894 | D:8      | Found an ornate altar of the Wu Jian Council.
  6923 | D:8      | Became a worshipper of Cheibriados the Contemplative
  7011 | D:8      | Reached skill level 1 in Invocations
  7429 | D:8      | Reached * piety under Cheibriados
  7805 | D:9      | Noticed a two-headed ogre
  7814 | D:9      | Killed a two-headed ogre
  7824 | D:9      | Noticed a two-headed ogre
  7833 | D:9      | Killed a two-headed ogre
  8149 | D:9      | Upgraded the game from 0.23-a0-650-ga4d50d4 to
                  | 0.23-a0-655-g3751e1c
  8194 | D:9      | Gained mutation: Your body sometimes deteriorates upon
                  | taking damage. [potion of mutation]
  8194 | D:9      | Gained mutation: Your system is resistant to poisons.
                  | (rPois) [potion of mutation]
  8194 | D:9      | Gained mutation: You are partially covered in large bone
                  | plates. (SH +4) [potion of mutation]
  8194 | D:9      | Gained mutation: You are surrounded by a mild repulsion
                  | field. (EV +2) [potion of mutation]
  8304 | D:9      | Found an opulent altar of Gozag.
  8305 | D:9      | Found a sparkling altar of Nemelex Xobeh.
  8360 | D:9      | Reached skill level 12 in Axes
  8726 | D:10     | Entered Level 10 of the Dungeon
  8840 | D:10     | Reached ** piety under Cheibriados
  9088 | D:10     | Found a shimmering altar of Xom.
  9115 | D:10     | Found a portal to a secret trove of treasure.
  9216 | D:10     | Found a staircase to the Lair.
  9217 | D:10     | Noticed a fire dragon
  9232 | D:10     | Killed a fire dragon
  9232 | D:10     | Reached skill level 5 in Dodging
  9232 | D:10     | Reached XP level 11. HP: 68/97 MP: 13/13
  9434 | D:10     | Noticed Josephine
  9447 | D:10     | Noticed a two-headed ogre
  9458 | D:10     | Killed Josephine
  9458 | D:10     | Reached skill level 5 in Invocations
  9480 | D:10     | Killed a two-headed ogre
  9612 | D:10     | Noticed a two-headed ogre
  9620 | D:10     | Killed a two-headed ogre
  9624 | D:10     | Reached skill level 10 in Fighting
  9748 | D:10     | Noticed Psyche
  9753 | D:10     | Killed Psyche
  9753 | D:10     | Reached *** piety under Cheibriados
 10086 | D:11     | Found a staircase to the Orcish Mines.
 10242 | D:11     | Reached skill level 13 in Axes
 10321 | D:11     | Reached **** piety under Cheibriados
 10570 | D:11     | Noticed a two-headed ogre
 10572 | D:11     | Killed a two-headed ogre
 10624 | D:11     | Noticed a cyan ugly thing
 10637 | D:11     | Killed a cyan ugly thing
 10921 | D:11     | Reached XP level 12. HP: 106/108 MP: 16/16
 11502 | D:12     | Reached ***** piety under Cheibriados
 11992 | D:12     | Found Wuobawuy's Weapon Shop.
 12099 | D:13     | Noticed a seven-headed hydra
 12241 | D:13     | Noticed a two-headed ogre
 12249 | D:13     | Killed a two-headed ogre
 12318 | D:13     | Killed an eight-headed hydra
 12560 | D:13     | Identified a scroll of acquirement
 12564 | D:13     | Got a polished broad axe
 12567 | D:13     | Identified the +1 broad axe of Change {vamp, +Blink rC+
                  | Str+4 Stlth+} (You acquired it on level 13 of the Dungeon)
 12694 | D:13     | Noticed Erolcha
 12703 | D:13     | Killed Erolcha
 12856 | D:13     | Reached skill level 14 in Axes
 13180 | D:14     | Noticed a centaur warrior
 13187 | D:14     | Killed a centaur warrior
 13235 | D:14     | Noticed a two-headed ogre
 13240 | D:14     | Killed a two-headed ogre
 13282 | D:14     | Noticed a two-headed ogre
 13288 | D:14     | Killed a two-headed ogre
 13343 | D:14     | Got a jewelled chain mail
 13354 | D:14     | Identified the +1 chain mail of Lugonu's Pride {rN+ Regen+}
                  | (You found it on level 14 of the Dungeon)
 13383 | D:14     | Noticed a vault guard
 13387 | D:14     | Noticed a vault guard
 13395 | D:14     | Reached XP level 13. HP: 118/118 MP: 18/18
 13440 | D:14     | Reached skill level 10 in Armour
 13488 | D:14     | Found a gate to the Vaults.
 13819 | Orc:1    | Entered Level 1 of the Orcish Mines
 13851 | Orc:1    | Reached skill level 15 in Axes
 13914 | Orc:1    | Found a frozen archway.
 13935 | IceCv    | Entered an ice cave
 14530 | Orc:1    | Reached ****** piety under Cheibriados
 14541 | Orc:1    | Reached skill level 10 in Invocations
 14858 | Orc:2    | Entered Level 2 of the Orcish Mines
 14858 | Orc:2    | Noticed Nessos
 14860 | Orc:2    | Killed Nessos
 14916 | Orc:2    | Paralysed by an orc sorcerer for 2 turns
 15016 | Orc:2    | Found a staircase to the Elven Halls.
 15056 | Orc:1    | Reached XP level 14. HP: 113/129 MP: 20/20
 15284 | Orc:2    | Noticed Snorg
 15294 | Orc:2    | Killed Snorg
 15400 | Orc:2    | Found Paps's Weapon Shop.
 15400 | Orc:2    | Found Poero's Food Shop.
 15401 | Orc:2    | Found Ikoj's Jewellery Boutique.
 15404 | Orc:2    | Found Butay's Weapon Boutique.
 15555 | Orc:2    | Bought the +8 hand crossbow "Guresiem" {elec, MR+} for 919
                  | gold pieces
 15814 | Lair:1   | Entered Level 1 of the Lair of Beasts
 15833 | Lair:1   | Learned a level 1 spell: Apportation
 15836 | Lair:1   | Learned a level 2 spell: Blink
 15976 | Lair:1   | Reached skill level 1 in Crossbows
 16194 | Lair:1   | Reached skill level 1 in Translocations
 16707 | Lair:2   | Found a dark tunnel.
 16716 | Volcano  | Entered a volcano
 16779 | Volcano  | Noticed a stone giant
 16799 | Volcano  | Killed a stone giant
 17175 | Lair:2   | Found a staircase to the Snake Pit.
 17736 | Lair:3   | Found a staircase to the Swamp.
 17811 | Lair:3   | Reached skill level 5 in Crossbows
 17882 | Lair:3   | Noticed Gastronok
 17892 | Lair:3   | Killed Gastronok
 17979 | Lair:3   | Noticed Rupert
 17979 | Lair:3   | Paralysed by Rupert for 7 turns
 18000 | Lair:3   | Killed Rupert
 18099 | Lair:3   | Got a faintly humming buckler
 18105 | Lair:3   | Identified the +3 buckler of Zotozu {rElec MR+ Int+2} (You
                  | acquired it on level 3 of the Lair of Beasts)
 18582 | Lair:4   | Reached skill level 5 in Translocations
 19319 | Lair:5   | Noticed Kirke
 19375 | Lair:5   | Killed Kirke
 20077 | Lair:6   | Entered Level 6 of the Lair of Beasts
 20087 | Lair:6   | Got a heavily runed scale mail
 20103 | Lair:5   | Identified the cursed +1 scale mail of the Sky {Dex+2
                  | Stlth+} (You found it on level 6 of the Lair of Beasts)
 20281 | Lair:6   | Reached XP level 15. HP: 138/138 MP: 21/21
 20292 | Lair:6   | Reached skill level 16 in Axes
 20432 | Lair:6   | Found a staircase to the Slime Pits.
 20433 | Lair:6   | Found a viscous altar of Jiyva.
 21015 | Snake:1  | Entered Level 1 of the Snake Pit
 21158 | Snake:1  | Learned a level 2 spell: Song of Slaying
 21257 | Snake:1  | Reached skill level 1 in Charms
 21379 | Snake:1  | Found Vienenul's Jewellery Shop.
 21968 | Snake:2  | Reached skill level 15 in Fighting
 21988 | Snake:2  | Noticed Vashnia
 21997 | Snake:2  | Killed Vashnia
 22198 | Snake:2  | Reached skill level 17 in Axes
 22333 | Snake:2  | Identified the +7 fustibalus "Ozon" {velocity, Str+3 SInv}
                  | (You found it on level 2 of the Snake Pit)
 22344 | Snake:2  | Identified Roxanne's Papyrus of Transmigration
 22344 | Snake:2  | Noticed Roxanne
 22345 | Snake:2  | Noticed Asterion
 22353 | Snake:2  | Killed Roxanne
 22353 | Snake:2  | Reached skill level 1 in Slings
 22356 | Snake:2  | Killed Asterion
 22356 | Snake:2  | Reached XP level 16. HP: 78/149 MP: 23/23
 22501 | Snake:2  | Found Haodghiu's Book Boutique.
 22504 | Snake:2  | Found Henn's Book Shop.
 22504 | Snake:2  | Found Ulotweme's Antique Armour Boutique.
 22512 | Snake:2  | Found Aqueryn's Jewellery Shop.
 22519 | Snake:2  | Bought a book of Party Tricks for 750 gold pieces
 22523 | Snake:2  | Learned a level 3 spell: Lesser Beckoning
 22525 | Snake:2  | Learned a level 1 spell: Summon Butterflies
 22835 | Snake:3  | Noticed Louise
 22850 | Snake:3  | Killed Louise
 23058 | Snake:3  | Reached skill level 5 in Slings
 23150 | Snake:3  | Found a runed gate.
 23150 | Snake:3  | Found a runed gate.
 23150 | Snake:3  | Found a runed gate.
 23511 | Snake:4  | Entered Level 4 of the Snake Pit
 23920 | Snake:4  | Reached skill level 18 in Axes
 23950 | Snake:4  | Reached XP level 17. HP: 159/159 MP: 25/25
 23993 | Snake:4  | Reached skill level 1 in Summonings
 24381 | Snake:4  | Got a serpentine rune of Zot
 24529 | Swamp:1  | Entered Level 1 of the Swamp
 24597 | Swamp:1  | Reached skill level 5 in Summonings
 24719 | Swamp:1  | Found a runed gate.
 24719 | Swamp:1  | Found a runed gate.
 24720 | Swamp:1  | Found a runed gate.
 24857 | Swamp:1  | Identified the ring of Hesch {rCorr rF+ Int+5 Slay-2} (You
                  | found it on level 1 of the Swamp)
 25065 | Swamp:1  | Noticed Lilu's ghost (adept GnFi)
 25093 | Swamp:1  | Killed Lilu's ghost
 25526 | Swamp:2  | Found a runed door.
 25533 | Swamp:2  | Noticed Irihug's ghost (adept FoMo)
 25534 | Swamp:2  | Found the +7 Spriggan's Knife {stab, EV+4 Stlth+}
 25554 | Swamp:2  | Killed Irihug's ghost
 27153 | Swamp:4  | Entered Level 4 of the Swamp
 27248 | Swamp:4  | Reached XP level 18. HP: 148/170 MP: 21/26
 27495 | Swamp:4  | Reached skill level 19 in Axes
 27705 | Swamp:4  | Noticed the 27-headed Lernaean hydra
 27715 | Swamp:4  | Killed the 27-headed Lernaean hydra
 27782 | Swamp:4  | Got a decaying rune of Zot
 27896 | Swamp:4  | Reached skill level 10 in Dodging
 28178 | Vaults:1 | Entered Level 1 of the Vaults
 28565 | Vaults:1 | You fall through a shaft!
 29073 | Vaults:2 | Found a runed gate.
 29073 | Vaults:2 | Found a runed gate.
 29073 | Vaults:2 | Found a runed gate.
 29073 | Vaults:2 | Noticed a tentacled monstrosity
 29074 | Vaults:2 | Noticed a tentacled monstrosity
 29074 | Vaults:2 | Noticed a tentacled monstrosity
 29089 | Vaults:2 | Killed a tentacled monstrosity
 29093 | Vaults:2 | Killed a tentacled monstrosity
 29096 | Vaults:2 | Reached XP level 19. HP: 113/178 MP: 21/28
 29098 | Vaults:2 | Found a runed gate.
 29098 | Vaults:2 | Found a runed gate.
 29099 | Vaults:2 | Reached skill level 5 in Charms
 29322 | Vaults:2 | Found a runed gate.
 29343 | Vaults:2 | Noticed Woonno's ghost (legendary MfIE)
 29392 | Vaults:2 | Killed Woonno's ghost
 29405 | Vaults:2 | Got a fine hat
 29420 | Vaults:2 | Identified the +0 hat of the Duke {Str+5 SInv} (You found
                  | it on level 2 of the Vaults)
 29882 | Vaults:2 | Got a dazzling broad axe
 29884 | Vaults:2 | Identified the +1 broad axe of Eternal Vigilance {flame,
                  | +Rage rElec rPois Dex-4} (You found it on level 2 of the
                  | Vaults)
 31429 | Vaults:3 | Reached XP level 20. HP: 167/187 MP: 29/29
 31493 | Vaults:3 | Found a staircase to the Crypt.
 31493 | Vaults:3 | Found an ancient bone altar of Kikubaaqudgha.
 31494 | Vaults:3 | Found a basalt altar of Yredelemnul.
 32078 | Vaults:4 | Found a magical portal.
 32087 | WizLab   | Entered The Chambers of the Cloud Mage
 32099 | WizLab   | Reached skill level 1 in Evocations
 32523 | WizLab   | Identified the Grimoire of Lucky Fire
 32531 | WizLab   | Identified a +0 pair of boots of running (You found it in a
                  | wizard's laboratory)
 32541 | WizLab   | Identified Ruitec's Guide on Air
 32917 | Vaults:4 | Reached skill level 15 in Invocations
 33205 | Vaults:4 | Paralysed by an ogre mage for 4 turns
 33485 | Vaults:4 | Reached skill level 5 in Evocations
 33613 | Vaults:5 | Entered Level 5 of the Vaults
 33680 | Vaults:4 | Learned a level 3 spell: Regeneration
 33742 | Vaults:1 | Reached skill level 1 in Necromancy
 33895 | Elf:1    | Entered Level 1 of the Elven Halls
 33915 | Elf:1    | Found a radiant altar of Vehumet.
 34107 | Elf:1    | Reached XP level 21. HP: 192/192 MP: 31/31
 34351 | Elf:1    | Identified the Grimoire of Attacks and Calling
 34412 | Elf:1    | Reached skill level 5 in Necromancy
 34654 | Elf:1    | Noticed Azrael
 34664 | Elf:1    | Killed Azrael
 34703 | Elf:1    | Found Jucs's Magic Scroll Boutique.
 34711 | Elf:1    | Bought a scroll of acquirement for 572 gold pieces
 34711 | Elf:1    | Bought a scroll of teleportation for 33 gold pieces
 34711 | Elf:1    | Bought a scroll of identify for 22 gold pieces
 34714 | Elf:1    | Got a pair of spiked gloves
 34725 | Elf:1    | Identified the +2 pair of gloves of Tenacity {rCorr} (You
                  | acquired it on level 1 of the Elven Halls)
 34958 | Elf:2    | Found Inap's Gadget Shop.
 34971 | Elf:2    | Bought a wand of acid (11) for 360 gold pieces
 35209 | Elf:2    | Found a runed gate.
 35209 | Elf:2    | Found a runed gate.
 35210 | Elf:2    | Found a runed gate.
 35987 | Elf:3    | Entered Level 3 of the Elven Halls
 36061 | Elf:3    | Found Ciatanog's Magic Scroll Boutique.
 36165 | Elf:3    | Identified the cursed +1 plate armour "Rokhloq" {*Drain
                  | rPois rC+ Int+7} (You found it on level 3 of the Elven
                  | Halls)
 36176 | Elf:3    | Identified the +11 scimitar "Pieleer" {slice, +Inv Dex+2}
 36181 | Elf:3    | Identified the ring of the Last Nights {rN+ MP+9}
 36182 | Elf:3    | Identified the +7 morningstar "Jiggej" {crush, rF+ MR+}
 36218 | Elf:3    | Identified the Papyrus of Vitriolic Snow
 36443 | Elf:3    | Identified the +7 chain mail of Tender Moments {rF- Str+4
                  | Int+5 Stlth+} (You found it on level 3 of the Elven Halls)
 36464 | Elf:3    | Found the +15 Maxwell's patent armour {-Cast -Tele rElec
                  | MR+ rCorr}
 36755 | Elf:3    | Identified the ring of Truth {rC+ MP+9 Dex-5 Slay+3}
 37579 | Vaults:1 | Reached XP level 22. HP: 176/203 MP: 31/33
 38177 | Vaults:1 | Upgraded the game from 0.23-a0-655-g3751e1c to
                  | 0.23-a0-667-gc184e93
 38716 | Vaults:5 | Reached skill level 20 in Axes
 38722 | Vaults:5 | Reached skill level 15 in Armour
 39084 | Vaults:5 | Killed from afar by a deep elf high priest

Vault maps used:
D:1:      saegor_arrival_under_anarchy, due_unseen_surprise
D:2:      fedhas_altar_fruit_tree, uniq_jessica
D:3:      eino_tiny_chamber, hangedman_abyss_or_decor_stabs, uniq_grinder
D:4:      first_ration, uniq_eustachio, uniq_sigmund, uniq_ijyb
D:5:      minmay_manual_mail
D:6:      minmay_temple_entry_tees
D:7:      basic_altar, gammafunk_ghost_necromancy, minivault_22, uniq_menkaure
D:8:      chequers_temple_overflow_statue_of_worship, uniq_maurice
D:9:      grunt_temple_overflow_opulence
D:10:     minmay_lair_entry_lava, enter_trove_1, basic_altar, uniq_psyche,
          uniq_josephine
D:11:     zombieorc2_lemuel, minmay_stone_trees_medium
D:12:     serial_shops, shop, grunt_pizzeria
D:13:     uniq_erolcha
D:14:     grunt_vaults_entry_fortified, serial_park_tiny_pond
Temple:   compressed_dpeg_circular_temple
Lair:2:   minmay_snake_entry_guardpost_small, nicolae_volcano_entry_hallway,
          minmay_another_anthill
Lair:3:   skrybe_swamp_entry_bodies, uniq_rupert, uniq_gastronok
Lair:4:   cheibrodos_lair_reptile_den
Lair:5:   grunt_megastairs_4, infiniplex_staircase_pool_2, uniq_kirke
Lair:6:   minmay_lair_end_enchanted_forest, slime_altar_1, grunt_megastairs_1
Swamp:1:  gammafunk_ghost_split, evilmike_swamp_ruin_rubble_2
Swamp:2:  ebering_ghost_reflecting_pool, hangedman_swamp_ruin_wall, swamp_pool1,
          nicolae_swamp_alligator_family
Swamp:3:  nicolae_swamp_phyte_club, nicolae_swamp_triple_paths, swamp_pool5
Swamp:4:  swamp_basic_johnstein, swamp_pool4
Snake:1:  serial_shops, nicolae_shop_trees, st_stairs_9, spider_trap,
          nicolae_snake_squiggles, serial_bayou_pond_b,
          nrook_guardian_serpent_ordinary
Snake:2:  st_stairs_14, minmay_shoptagon, uniq_vashnia, uniq_roxanne,
          uniq_asterion
Snake:3:  nicolae_snake_horde_hoard, lemuel_fruit_tree, uniq_louise
Snake:4:  grunt_snake_rune_pools
Orc:1:    portal_ice_cave_entry_ice_beasts
Orc:2:    st_orc_mages, uniq_snorg, uniq_nessos
Elf:1:    eino_elf_arrival_altar, serial_shops, shop, minmay_elf_sorcery,
          uniq_azrael
Elf:2:    serial_shops, nicolae_shop_competitors_out_of_business,
          chequers_big_river
Elf:3:    grunt_elf_hall_spiral, serial_shops, shop
Vaults:1: hangedman_vaults_nodes, nicolae_vaults_twisting_passages,
          hangedman_vaults_slice, nicolae_vaults_what_the_h, v_misc_17,
          hangedman_vaults_restitches, v_alt_pattern_5, v_misc_17
Vaults:2: ploomutoo_gammafunk_vaults_ghost_potion_laboratory,
          ontoclasm_vaults_ring_large, nicolae_vaults_big_ls, st_octagons_2,
          ontoclasm_vaults_loading_screen, hangedman_vaults_variations,
          grunt_vaults_twisty, nicolae_vaults_arrows, ontoclasm_vaults_bender,
          vaults_mumra_hex, nicolae_vaults_little_squares_6,
          vaults_room_corners, vaults_room_stairs_pillars
Vaults:3: minmay_crypt_entry_necro_gods, vaults_room_door_hall,
          nicolae_vaults_lopsided_apartments, ontoclasm_vaults_ligature,
          nicolae_vaults_network_quinsquares, nicolae_vaults_asterisk,
          nicolae_vaults_little_ls, vaults_mumra_hexcomb,
          nicolae_vaults_little_squares_1
Vaults:4: st_cross, nicolae_vaults_triangles, nicolae_vaults_little_squares_5,
          hangedman_vaults_impose, grunt_vaults_diagonal, v_misc_17,
          grunt_vaults_hallway_short, hangedman_vaults_stream, mu_enter_wizlab_5
Vaults:5: uniq_saint_roka, uniq_frederick
IceCv:    ice_cave_tombish
Volcano:  volcano_pools
WizLab:   wizlab_cloud

Skill      XL: |  1  2  3  4  5  6  7  8  9 10 11 12 13 14 15 16 17 18 19 20 21 22 |
---------------+-------------------------------------------------------------------+-----
Axes           | 3 4 5 6 7 8 9 11 12 13 14 15 17 18 19 20 | 20.3
Dodging        | 1 2 3 4 5 7 8 12 14 | 14.1
Armour         | 4 5 7 9 11 12 14 15 | 15.3
Shields        | 4 5 7 9 |  9.0
Fighting       | 4 6 9 10 12 13 14 15 16 17 18 19 | 19.1
Invocations    | 4 6 8 10 11 12 13 14 15 16 17 | 17.4
Crossbows      | 7 |  7.4
Translocations | 5 |  5.7
Charms         | 3 4 6 8 |  8.3
Slings         | 2 9 |  9.0
Summonings     | 7 |  7.7
Evocations     | 6 8 9 |  9.0
Necromancy     | 3 6 |  6.1

Action                   |  1- 3 |  4- 6 |  7- 9 | 10-12 | 13-15 | 16-18 | 19-21 | 22-24 || total
-------------------------+-------+-------+-------+-------+-------+-------+-------+-------++-------
Melee: War axe           |    63 |   130 |   319 |   507 |       |       |       |       ||  1019
       Headbutt          |     4 |    27 |    52 |   182 |   355 |   349 |   420 |    56 ||  1445
       Broad axe         |       |       |       |    76 |   957 |   788 |  1096 |   146 ||  3063
       Morningstar       |       |       |       |       |     4 |       |       |       ||     4
       Eveningstar       |       |       |       |       |       |   170 |       |       ||   170
 Cast: Song of Slaying   |       |       |       |       |       |    10 |    14 |     3 ||    27
       Lesser Beckoning  |       |       |       |       |       |     3 |     4 |     1 ||     8
       Blink             |       |       |       |       |       |     3 |     1 |       ||     4
       Summon Butterflie |       |       |       |       |       |     1 |       |       ||     1
       Regeneration      |       |       |       |       |       |       |       |     2 ||     2
Invok: Slouch            |       |       |       |     3 |     4 |     1 |     6 |     2 ||    16
       Bend Time         |       |       |       |       |     1 |     4 |       |       ||     5
Evoke: Wand              |       |       |     9 |    18 |     5 |     7 |     2 |     6 ||    47
  Use: Scroll            |     1 |     8 |     7 |    13 |    15 |    13 |    22 |     5 ||    84
       Potion            |       |     1 |     3 |     3 |     1 |     4 |     3 |     5 ||    20
 Stab: Invisible         |       |       |       |     4 |       |       |       |       ||     4
       Paralysed         |       |       |       |     4 |       |       |       |       ||     4
       Distracted        |       |       |       |       |       |       |       |     1 ||     1
  Eat: Chunk             |       |     6 |    13 |     6 |     6 |     5 |     5 |       ||    41
       Ration            |       |       |       |     4 |     5 |     5 |     5 |     1 ||    20
Armor: Scale mail        |    17 |    26 |    68 |    24 |       |       |       |       ||   135
       Fire dragon scale |       |       |       |    18 |     3 |       |    12 |    56 ||    89
       Plate armour      |       |       |       |    33 |       |       |       |       ||    33
       Chain mail        |       |       |       |     5 |   127 |   238 |   160 |     2 ||   532
Dodge: Dodged            |    21 |    53 |   122 |   183 |   374 |   645 |   552 |   154 ||  2104
Block: Shield            |    36 |   118 |   259 |   549 |   463 |       |       |       ||  1425
       Reflection        |       |     9 |     9 |    35 |    69 |    72 |   121 |    20 ||   335
       Buckler           |       |       |       |       |   451 |   918 |   840 |   200 ||  2409

Table legend:
 A = Non-vault XP
 B = Vault XP
 C = Vault XP percentage of total XP
 D = Non-vault monster count
 E = Vault monster count
 F = Vault count percentage of total count
                 A         B        C        D         E       F
            +---------+---------+-------+---------+---------+-------
      Total |  330905 |  464829 |  58.4 |     971 |     712 |  42.3
            +---------+---------+-------+---------+---------+-------
        D:1 |      40 |       0 |   0.0 |      17 |       0 |   0.0
        D:2 |      93 |      37 |  28.5 |      27 |       1 |   3.6
        D:3 |     144 |     290 |  66.8 |      29 |       1 |   3.3
        D:4 |     190 |     444 |  70.0 |      11 |       3 |  21.4
        D:5 |     415 |      65 |  13.5 |      17 |       4 |  19.0
        D:6 |    1421 |       0 |   0.0 |      30 |       0 |   0.0
        D:7 |    1183 |     889 |  42.9 |      25 |       5 |  16.7
        D:8 |    1494 |     469 |  23.9 |      32 |       1 |   3.0
        D:9 |    2473 |       0 |   0.0 |      15 |       0 |   0.0
       D:10 |    4104 |    3360 |  45.0 |      28 |       7 |  20.0
       D:11 |    5238 |     830 |  13.7 |      44 |      36 |  45.0
       D:12 |    3127 |     220 |   6.6 |      32 |       1 |   3.0
       D:13 |    3774 |     982 |  20.6 |      14 |       1 |   6.7
       D:14 |   10075 |    6423 |  38.9 |      28 |      10 |  26.3
     Lair:1 |    2292 |       0 |   0.0 |      12 |       0 |   0.0
     Lair:2 |    2772 |    2684 |  49.2 |      17 |      21 |  55.3
     Lair:3 |    5707 |    5757 |  50.2 |      24 |       4 |  14.3
     Lair:4 |    3732 |     840 |  18.4 |      12 |       2 |  14.3
     Lair:5 |    1390 |    3418 |  71.1 |       8 |       8 |  50.0
     Lair:6 |    2756 |    8917 |  76.4 |      11 |      49 |  81.7
    Swamp:1 |    7645 |    3012 |  28.3 |      16 |       3 |  15.8
    Swamp:2 |   11523 |    3662 |  24.1 |      29 |       2 |   6.5
    Swamp:3 |   12235 |   13093 |  51.7 |      30 |      11 |  26.8
    Swamp:4 |   12634 |   18534 |  59.5 |      25 |      25 |  50.0
    Snake:1 |   16022 |    3336 |  17.2 |      33 |       9 |  21.4
    Snake:2 |   14555 |   15405 |  51.4 |      26 |      10 |  27.8
    Snake:3 |   18728 |    7183 |  27.7 |      32 |      23 |  41.8
    Snake:4 |   13225 |   35378 |  72.8 |      22 |      59 |  72.8
      Orc:1 |    6014 |    4569 |  43.2 |      47 |      21 |  30.9
      Orc:2 |     953 |    3565 |  78.9 |      14 |      23 |  62.2
      Elf:1 |   24217 |   16152 |  40.0 |      38 |      25 |  39.7
      Elf:2 |   12640 |   23382 |  64.9 |      21 |      28 |  57.1
      Elf:3 |   10682 |   44806 |  80.7 |      15 |      31 |  67.4
   Vaults:1 |   17758 |   18443 |  50.9 |      34 |      34 |  50.0
   Vaults:2 |   24365 |   84011 |  77.5 |      41 |      96 |  70.1
   Vaults:3 |   20363 |   13172 |  39.3 |      27 |      14 |  34.1
   Vaults:4 |   29090 |   23209 |  44.4 |      51 |      29 |  36.2
   Vaults:5 |   25836 |   72641 |  73.8 |      37 |      55 |  59.8
      IceCv |       0 |    5030 | 100.0 |       0 |      22 | 100.0
    Volcano |       0 |    2307 | 100.0 |       0 |       6 | 100.0
     WizLab |       0 |   18314 | 100.0 |       0 |      32 | 100.0
            +---------+---------+-------+---------+---------+-------
